 Dungeon Crawl Stone Soup version 0.23.2-33-g5129a83184 (webtiles) character file.

Game seed: 13709498169998920417

11 MalarOregon the Magician (level 2, -1/22 HPs)
             Began as a Ghoul Wizard on July 11, 2019.
             Slain by a jackal (2 damage)
             ... on level 2 of the Dungeon.
             The game lasted 00:01:00 (840 turns).

MalarOregon the Magician (Ghoul Wizard)              Turns: 840, Time: 00:01:02

Health: -1/22      AC:  2    Str: 10    XL:     2   Next: 25%
Magic:  4/4        EV: 12    Int: 13    God:
Gold:   24         SH:  0    Dex:  7    Spells: 5/6 levels left

rFire    . . .     SeeInvis .   c - +0 mace
rCold    + . .     Gourm    .   (no shield)
rNeg     + + +     Faith    .   a - +0 robe
rPois    ∞         Spirit   .   b - +0 hat
rElec    .         Reflect  .   (no cloak)
rCorr    .         Harm     .   (no gloves)
MR       .....                  (no boots)
Stlth    ++........             (no amulet)
HPRegen  0.00/turn              (no ring)
MPRegen  0.09/turn              (no ring)

@: rotting
A: rotting body, claws 1, carnivore, cold resistance 1, negative energy
resistance 3, inhibited regeneration, torment resistance, unbreathing
a: no special abilities


You were on level 2 of the Dungeon.
You were not hungry.

You visited 1 branch of the dungeon, and saw 2 of its levels.

You collected 24 gold pieces.

Inventory:

Hand Weapons
 c - a +0 mace (weapon)
   (You found it on level 1 of the Dungeon)
Armour
 a - a +0 robe (worn)
 b - a +0 hat (worn)
Scrolls
 d - a scroll of remove curse {unknown}
 g - a scroll of enchant armour {unknown}
 i - 2 scrolls of magic mapping {unknown}
Potions
 h - a potion of ambrosia {unknown}
Comestibles
 e - 2 rations {!d}


   Skills:
 + Level 0.9 Fighting
 + Level 0.5 Maces & Flails
 - Level 1.7 Dodging
 - Level 2.1 Stealth
 + Level 2.8 Spellcasting
 - Level 1.0 Conjurations
   Level 0.8 Summonings
   Level 0.8 Translocations


You had 5 spell levels left.
You knew the following spells:

 Your Spells              Type           Power        Failure   Level  Hunger
a - Magic Dart            Conj           #...         16%         1    #......

Your spell library contained the following spells:

 Spells                   Type           Power        Failure   Level  Hunger
 Blink                    Tloc           N/A          26%         2    ###....
 Call Imp                 Summ           #.......     26%         2    ###....
 Slow                     Hex            #.......     34%         2    ###....
 Conjure Flame            Conj/Fire      #.......     50%         3    ###....
 Mephitic Cloud           Conj/Pois/Air  #.......     52%         3    ###....


Dungeon Overview and Level Annotations

Branches:
Dungeon (2/15)

Altars:


Innate Abilities, Weirdness & Mutations

Your body is rotting away.
You thrive on raw meat.
You are immune to poison.
You have sharp fingernails.
You are carnivorous and can eat meat at any time.
Your flesh is cold resistant. (rC+)
You are immune to negative energy. (rN+++)
You do not regenerate when monsters are visible.
You are immune to unholy pain and torment.
You can survive without breathing.


Message History

The hobgoblin shouts!
You hear a bark!
Found 2 curare-tipped needles and a scroll labeled SEPSIALAPE.
There is a stone staircase leading up here.
A hobgoblin is nearby!
A hobgoblin is nearby!
A jackal comes into view.
You see here 2 curare-tipped needles {!f}.
A jackal comes into view.
The hobgoblin hits you with a +0 club.
The jackal barks!
You hit the hobgoblin. The hobgoblin closely misses you.
You closely miss the hobgoblin. The hobgoblin closely misses you.
You barely miss the hobgoblin. The jackal closely misses you.
The hobgoblin closely misses you. The jackal closely misses you.
You closely miss the hobgoblin. The hobgoblin barely misses you.
The jackal bites you.
You closely miss the hobgoblin. The hobgoblin hits you with a +0 club.
* * * LOW HITPOINT WARNING * * *
The jackal barely misses you. The jackal completely misses you.
The jackal barely misses you.
The jackal bites you but does no damage.
The hobgoblin barely misses you. The jackal bites you.
* * * LOW HITPOINT WARNING * * *
You see here 2 curare-tipped needles {!f}.
The jackal barely misses you.
There is a stone staircase leading up here.
You hit the jackal but do no damage. The jackal closely misses you.
The jackal bites you.
* * * LOW HITPOINT WARNING * * *
You hit the jackal. The jackal barely misses you.
The jackal bites you but does no damage.
You hit the jackal. The jackal misses you. The jackal barely misses you.
You hit the jackal but do no damage. The jackal closely misses you.
The jackal bites you but does no damage.
You barely miss the jackal. The jackal bites you.
* * * LOW HITPOINT WARNING * * *
The jackal misses you.
You closely miss the jackal. The jackal barely misses you.
The jackal misses you.
You barely miss the jackal.
The jackal bites you but does no damage. x2
You barely miss the jackal. The jackal barely misses you. The jackal bites you.
* * * LOW HITPOINT WARNING * * *
You hit the jackal but do no damage. The jackal barely misses you.
The jackal closely misses you.
You hit the jackal but do no damage. The jackal bites you.
* * * LOW HITPOINT WARNING * * *
The jackal bites you.
You die...

..# #.# #.# #.#
... #.# #.# #@#
## #h# #
##...#h###.###..
.......g(........
###.........####.
##......###
#..?....
#.........
#.........#


You could see 2 jackals and a hobgoblin.

Vanquished Creatures
  A leopard gecko (D:1)
  3 bats (D:1)
  2 goblins (D:1)
  A frilled lizard (D:1)
  A kobold (D:1)
  3 rats (D:1)
11 creatures vanquished.

Notes
Turn   | Place    | Note
-------+----------+-------------------------------------------
     0 | D:1      | MalarOregon the Ghoul Wizard began the quest for the Orb.
     0 | D:1      | Reached XP level 1. HP: 14/14 MP: 3/3
   387 | D:1      | Reached skill level 1 in Conjurations
   426 | D:1      | Reached XP level 2. HP: 14/22 MP: 4/4
   840 | D:2      | HP: 1/22 [jackal (3)]
   840 | D:2      | Slain by a jackal

Skill      XL: |  1 |
---------------+----+-----
Conjurations   | 1 |  1.0
Fighting       | |  0.9
Maces & Flails | |  0.5
Dodging        | |  1.7
Stealth        | |  2.1
Spellcasting   | |  2.8
Summonings     | |  0.8
Translocations | |  0.8

Action                   || total
-------------------------++-------
Melee: Mace              ||    49
 Stab: Sleeping          ||     2
  Eat: Chunk             ||     2
Armor: Robe              ||    16
Dodge: Dodged            ||    64
